AoeStats
← BeefBro

Nomad

506630494Analyzed
4v4 RM · 19d ago on Sep 14, 2026· 28m 34s· 8 players
Game mode
Random Map
Map size
231×231
Population
200
Speed
Normal
Resources
Standard
Victory
Conquest
Starting age
Dark Age
Ending age
Imperial Age
RankedLock teamsTeams togetherTeam positionsShared explorationLock speedFull tech treeHidden civsTurbo modeCheats
Victory
Defeat
🇩🇪 Bohemians · Germany
1348
+16
🇺🇸 Japanese · United States
1347
+16
🇩🇪 Muisca · Germany
1344
+16
🇮🇹 Spanish · Italy
1334
+17
🇹🇼 Vietnamese · Taiwan
1394
-19
🇦🇿 Celts · Azerbaijan
1375
-17
🇭🇰 Britons · Hong Kong SAR China
1351
-16
🇩🇪 Cumans · Germany
1275
-13
BeefBro
4:16 Loom
13:53 Feudal Age
14:19 Town Watch
14:42 Double-Bit Axe
17:15 Wheelbarrow
17:02 Gold Mining
21:51 Castle Age
22:45 Medium Warships
22:46 Bow Saw
NEO
5:31 Loom
14:13 Feudal Age
18:22 Castle Age
17:12 Horse Collar
18:36 Town Watch
19:01 Double-Bit Axe
20:36 Fervor
21:57 Wheelbarrow
21:38 Bow Saw
28:38 Heavy Plow
Doris
4:38 Loom
13:13 Feudal Age
17:05 Castle Age
16:03 Town Watch
18:05 Fletching
20:42 Fishing Lines
22:12 Wheelbarrow
23:17 Gillnets
28:46 Imperial Age
27:53 Bodkin Arrow
28:13 Masonry
28:24 Ballistics
28:01 Double-Bit Axe
28:00 Horse Collar
28:25 Gold Mining
Spada_Arancio
15:10 Feudal Age
19:29 Castle Age
18:04 Fletching
18:14 Padded Archer Armor
20:31 Medium Warships
21:04 Wheelbarrow
21:38 Padded Archer Armor
21:33 Bodkin Arrow
25:34 Leather Archer Armor
28:13 Husbandry
28:24 Bloodlines
WallyGoodberg
12:01 Feudal Age
12:45 Horse Collar
12:51 Double-Bit Axe
17:34 Wheelbarrow
18:36 Town Watch
18:52 Loom
19:36 Gold Mining
19:56 Stone Mining
24:25 Castle Age
28:29 Imperial Age
26:06 Scale Barding Armor
27:24 Chain Barding Armor
27:43 Bloodlines
28:12 Gold Shaft Mining
696969
5:09 Loom
13:47 Feudal Age
14:30 Double-Bit Axe
16:20 Fishing Lines
Shadow O.o
8:03 Loom
13:37 Feudal Age
15:13 Double-Bit Axe
15:54 Double-Bit Axe
18:42 Castle Age
18:39 Horse Collar
21:12 Bow Saw
24:03 Fletching
25:15 Padded Archer Armor
26:24 Bodkin Arrow
我放了个屁她顺风追了
6:41 Loom
14:33 Feudal Age
18:39 Castle Age
16:46 Fletching
16:59 Double-Bit Axe
17:24 Scale Mail Armor
20:43 Wheelbarrow
19:54 Town Watch
22:09 Stronghold
26:06 Fishing Lines
Connection lost

Rejoining the realm…

Still unreachable

The connection could not be restored.

Session expired

The server has moved on; the page needs a fresh start.